 Dungeon Crawl Stone Soup version 0.21-a0-67-g3f13d09 (webtiles) character file.

28 wazuzu the Magician (level 3, 24/24 HPs)
             Began as a Demonspawn Wizard on June 17, 2017.
             Quit the game on level 1 of the Dungeon.
             The game lasted 00:02:59 (769 turns).

wazuzu the Magician (Demonspawn Wizard)              Turns: 769, Time: 00:03:00

Health: 24/24      AC:  4    Str:  7    XL:     3   Next: 0%
Magic:  3/7        EV: 12    Int: 20    God:
Gold:   28         SH:  0    Dex: 11    Spells: 7/8 levels left

rFire    . . .     SeeInvis .   (no weapon)
rCold    . . .     Gourm    .   (no shield)
rNeg     . . .     Faith    .   a - +0 robe
rPois    .         Spirit   +   b - +0 hat
rElec    .         Reflect  .   (no cloak)
rCorr    .         Harm     .   (no gloves)
MR       .....                  (no boots)
Stlth    ++........             (no amulet)
HPRegen  0.08/turn              (no ring)
MPRegen  0.10/turn              (no ring)

@: no status effects
A: yellow scales 1, magic shield
a: no special abilities


You were on level 1 of the Dungeon.
You were not hungry.

You visited 1 branch of the dungeon, and saw 1 of its levels.

You collected 28 gold pieces.

Inventory:

Armour
 a - a +0 robe (worn)
 b - a +0 hat (worn)
Scrolls
 f - a scroll of blinking {unknown}
 h - a scroll of fog {unknown}
 j - a scroll of teleportation {unknown}
Potions
 e - a potion of agility {unknown}
 g - a potion of resistance {unknown}
 i - a potion of brilliance {unknown}
 k - a potion of might {unknown}
 l - 2 potions of curing {unknown}
Books
 c - a book of Minor Magic

   Spells                             Type                      Level
   a - Magic Dart                     Conjuration                  1
   b - Blink                          Translocation                2
   c - Call Imp                       Summoning                    2
   d - Slow                           Hexes                        2
   e - Conjure Flame                  Conjuration/Fire             3
   f - Mephitic Cloud                 Conjuration/Poison/Air       3
Comestibles
 d - a bread ration


   Skills:
 - Level 1.7 Dodging
 - Level 1.7 Stealth
 + Level 3.2 Spellcasting
 * Level 2.5 Conjurations
   Level 1.0 Summonings
   Level 0.8 Translocations


You had 7 spell levels left.
You knew the following spells:

 Your Spells              Type           Power        Failure   Level  Hunger
a - Magic Dart            Conj           ##..         4%          1    None


Dungeon Overview and Level Annotations

Branches:
Dungeon (1/15)

Altars:


Innate Abilities, Weirdness & Mutations

You are partially covered in yellow scales. (AC +2)
When hurt, damage is shared between your health and your magic reserves.


Message History

You can't see any susceptible monsters within range! (Use Z to cast anyway.)
A bat comes into view.
The bat moves out of view.
You see here a bat corpse.
You butcher the bat corpse.
You see here a chunk of flesh.
Casting: Magic Dart
Confirm with . or Enter, or press ? or * to list all spells.
Aiming: Magic Dart
Press: ? - help, Shift-Dir - straight line, f - bat
Aim: a bat The magic dart hits the bat.
You kill the bat!
You have reached level 3!
Your experience leads to an increase in your attributes!
Increase (S)trength, (I)ntelligence, or (D)exterity?
You feel clever.
Your demonic ancestry asserts itself...
Yellow scales grow over part of your body.
Unknown command.
Are you sure you want to abandon this character and quit the game? (Confirm with "yes".)

#.#.##.#.#.#####......#
#.#........)..........#
#.#..#.#..######.>....#
#.#..#....# #......# #.#..#....#
####...# #.####....# #.#.# ##
#.........###### #.#.# .#
#######.......... ..#.# .#### .#
#@#.###########.## ....#
..######'#... #..#
.#.####.......#...#### ##.#
...#..........'.... #.#
.#.#.#####....#....#. #######.#
.................#...# #.).)....
.####.....................#####.#
.#....#..†.............#..# #.#
##.##..##............##...# #..


There were no monsters in sight!

Vanquished Creatures
  A gnoll (D:1)
  A dart slug (D:1)
  A ball python (D:1)
  2 bats (D:1)
  A goblin (D:1)
  2 hobgoblins (D:1)
  7 kobolds (D:1)
  2 rats (D:1)
17 creatures vanquished.

Notes
Turn   | Place    | Note
-------+----------+-------------------------------------------
     0 | D:1      | wazuzu the Demonspawn Wizard began the quest for the Orb.
     0 | D:1      | Reached XP level 1. HP: 13/13 MP: 4/4
   284 | D:1      | Gained mutation: When hurt, damage is shared between your health and your magic reserves. [demonic ancestry]
   284 | D:1      | Reached XP level 2. HP: 19/19 MP: 1/6
   768 | D:1      | Gained mutation: You are partially covered in yellow scales. (AC +2) [demonic ancestry]
   768 | D:1      | Reached XP level 3. HP: 24/24 MP: 3/7
   769 | D:1      | Quit the game

Vault maps used:
D:1:      roderic_chinese_lattice_arrival, minmay_liquid_box,
          minmay_misc_feat_secret_circle

Skill      XL: |  1  2 |
---------------+-------+-----
Conjurations   | 2 |  2.5
Dodging        | |  1.7
Stealth        | |  1.7
Spellcasting   | |  3.2
Summonings     | |  1.0
Translocations | |  0.8

Action                   || total
-------------------------++-------
Melee: Unarmed           ||     2
 Cast: Magic Dart        ||    44
Armor: Robe              ||     1
Dodge: Dodged            ||     6
